 Dungeon Crawl Stone Soup version 0.19.4-8-ga85b6b9 (webtiles) character file.

6291 vatarom the Fighter (level 10, 0/89 HPs)
             Began as a Demonspawn Monk on Feb 11, 2017.
             Was a Believer of Qazlal.
             Succumbed to a killer bee's poison
             ... on level 11 of the Dungeon.
             The game lasted 00:23:26 (11600 turns).

vatarom the Fighter (Demonspawn Monk)              Turns: 11600, Time: 00:23:26

Health: 0/89       AC: 13    Str: 14    XL:     10   Next: 63%
Magic:  12/16      EV: 12    Int: 16    God:    Qazlal [**....]
Gold:   316        SH:  3    Dex: 17    Spells: 0 memorised, 9 levels left

rFire  . . .     SeeInvis .     A - +3 dire flail
rCold  . . .     Gourm    .     v - +3 ring mail {MR+}
rNeg   . . .     Faith    .     (shield currently unavailable)
rPois  +         Spirit   .     o - +0 helmet
rElec  .         Reflect  .     k - +1 cloak
rCorr  .         Harm     .     (no gloves)
MR     +....     Clarity  +     (no boots)
Stlth  ++........               (no amulet)
                                (no ring)
                                j - ring of stealth

@: brilliant, lethally poisoned (0 -> -8), very slightly contaminated
A: hooves 2, slimy green scales 3, clarity, deformed body, demonic guardian 1
a: Upheaval, Renounce Religion


You were on level 11 of the Dungeon.
You worshipped Qazlal.
Qazlal was pleased with you.
You were full.

You visited 2 branches of the dungeon, and saw 12 of its levels.

You collected 441 gold pieces.
You spent 125 gold pieces at shops.

Inventory:

Hand Weapons
 A - a +3 dire flail (weapon)
Armour
 k - a +1 cloak (worn)
 o - a +0 helmet (worn)
 v - a +3 ring mail of magic resistance (worn)
Jewellery
 b - a cursed amulet of inaccuracy {unknown}
 g - an uncursed ring of stealth
 j - a ring of stealth (left hand)
Wands
 p - a wand of slowing (4/48)
 q - a wand of iceblast (7/15)
 r - a wand of enslavement (19/24)
 u - a wand of lightning (2/15)
Scrolls
 e - 3 scrolls of magic mapping
 h - 15 scrolls of identify
 i - 2 scrolls of enchant weapon
 n - 3 scrolls of teleportation
 t - 3 scrolls of remove curse
 w - a scroll of enchant armour
Potions
 m - 2 potions of flight
Books
 s - a book of Maledictions

   Spells                             Type                      Level
   a - Corona                         Hexes                        1
   b - Ensorcelled Hibernation        Hexes/Ice                    2
   c - Confuse                        Hexes                        3
   d - Tukima's Dance                 Hexes                        3
   e - Dazzling Spray                 Conjuration/Hexes            3
 y - a book of Changes

   Spells                             Type                      Level
   a - Beastly Appendage              Transmutation                1
   b - Sticks to Snakes               Transmutation                2
   c - Spider Form                    Transmutation/Poison         3
   d - Ice Form                       Ice/Transmutation            4
   e - Blade Hands                    Transmutation                5
Comestibles
 c - 4 bread rations
 d - 3 royal jellies
 f - 2 meat rations
 x - 7 beef jerkies
 z - 2 slices of pizza
 B - 5 chunks of flesh


   Skills:
 - Level 12.2 Fighting
 * Level 5.0 Maces & Flails
 - Level 3.8 Armour
 - Level 2.6 Dodging
 - Level 1.7 Stealth
   Level 5.1 Shields
 * Level 8.1 Invocations


You had 9 spell levels left.
You didn't know any spells.

Dungeon Overview and Level Annotations

Branches:
Dungeon (11/15)            Temple (1/1) D:7            Lair (0/6) D:9
    Orc (0/2) D:11

Altars:
Cheibriados
Dithmenos
Elyvilon
Fedhas
Gozag
Hepliaklqana
Makhleb
Nemelex Xobeh
Qazlal
Sif Muna
Uskayaw
Vehumet
Xom
The Shining One

Shops:
D:4 *==*}   D:9 }

Annotations:
D:5 Duvessa


Innate Abilities, Weirdness & Mutations

You have hoof-like feet.
You are completely covered in slimy green scales. (AC +4, rPois)
A weak demonic guardian rushes to your aid.
You possess an exceptional clarity of mind.
Armour fits poorly on your strangely shaped body.


Message History

Okay, then.
* * * LOW HITPOINT WARNING * * *
You feel sick. You block the adder's attack.
Unknown command.
You feel clever all of a sudden.
* * * LOW HITPOINT WARNING * * *
You feel sick.
The killer bee stings you but does no damage.
The killer bee closely misses you. You block the adder's attack.
Unknown command.
Okay, then.
Blink to where?
Press: ? - help, Dir - move target cursor You are very lightly contaminated with residual magic.
As you read the scroll of blinking, it crumbles to dust.
* * * LOW HITPOINT WARNING * * *
You feel sick.
* * * LOW HITPOINT WARNING * * *
You feel sick.
You die...

# #.....S..)#...## ##.## #
#........)÷)...### #.# .
##.........)......####.####.##
..#.........y..........###......#
........>.................######
#..#......................##
#..#.......................##
##.............§....#...#...#
.............@..###...#.###
##.......(....####...###.#
#.............# #..# #.#
####..##...>...#..# #.##
.........##..... ###.#
..#..###..##...## ##..## # ..#
#..###....##..## ..
##..#........## .. #........<##


You could see a killer bee.

Vanquished Creatures
  An elephant (D:9)
  A hippogriff (D:11)
  A wyvern (D:9)
  5 yaks (D:11)
  Eustachio (D:4)
  A steam dragon (D:10)
  The ghost of dngmouse the Ruffian, an amateur MiTm (D:3)
  A warg (D:11)
  3 sky beasts
  A black bear (D:9)
  A phantom (D:8)
  3 ice beasts
  4 ogres
  An eye of draining (D:7)
  5 centaurs
  A crocodile (D:8)
  4 big kobolds
  Blork the orc (D:5)
  3 bullfrogs
  3 scorpions
  9 killer bees
  2 howler monkeys
  2 wights (D:10)
  2 crimson imps
  3 bullfrog zombies
  A hound (D:4)
  A quasit (D:6)
  A centaur zombie (D:8)
  A jelly (D:8)
  An orc priest (D:8)
  5 orc wizards
  4 bullfrog skeletons
  Jessica (D:2)
  2 iguanas (D:9)
  5 worker ants
  A howler monkey zombie (D:8)
  5 adders
  2 shadow imps
  2 adder skeletons
  An adder zombie (D:8)
  2 worms
  3 dart slugs (D:1)
  9 leopard geckos
  19 orcs
  3 giant cockroaches
  A goblin (D:1)
  5 hobgoblins
  18 jackals
  3 quokkas
  A ball python (D:2)
  A ball python skeleton (D:6)
  7 bats
  8 frilled lizards
  A jackal skeleton (D:4)
  22 kobolds
  A quokka skeleton (D:5)
  A quokka zombie (D:5)
  3 rats
201 creatures vanquished.

Vanquished Creatures (collateral kills)
  Joseph (D:8)
  A centaur skeleton (D:11)
  Grinder (D:4)
  A yak (D:11)
  An eye of draining (D:9)
  A centaur (D:8)
  A bullfrog (D:3)
  Dowan (D:5)
  2 killer bees (D:8)
  2 wights (D:10)
  A crimson imp (D:9)
  3 orc priests
  An iguana (D:4)
  2 worker ants
  2 adders
  A worm (D:3)
  A leopard gecko (D:5)
  6 orcs
  A jackal (D:9)
  2 kobolds (D:7)
  A quokka skeleton (D:4)
33 creatures vanquished.

Grand Total: 234 creatures vanquished

Notes
Turn   | Place    | Note
-------+----------+-------------------------------------------
     0 | D:1      | vatarom the Demonspawn Monk began the quest for the Orb.
     0 | D:1      | Reached XP level 1. HP: 18/18 MP: 1/1
   181 | D:1      | Reached skill level 1 in Armour
   554 | D:1      | Gained mutation: You are partially covered in slimy green scales. (AC +2) [demonic ancestry]
   554 | D:1      | Reached XP level 2. HP: 24/24 MP: 2/2
  1003 | D:2      | Gained mutation: You are mostly covered in slimy green scales. (AC +3) [demonic ancestry]
  1003 | D:2      | Reached XP level 3. HP: 29/29 MP: 3/3
  1262 | D:2      | Noticed Jessica
  1281 | D:2      | Killed Jessica
  1281 | D:2      | Gained mutation: You are completely covered in slimy green scales. (AC +4, rPois) [demonic ancestry]
  1281 | D:2      | Reached XP level 4. HP: 35/35 MP: 4/4
  1912 | D:3      | Noticed a big kobold
  1914 | D:3      | Noticed a big kobold
  1976 | D:3      | Noticed dngmouse's ghost (amateur MiTm)
  2000 | D:3      | Killed dngmouse's ghost
  2000 | D:3      | Gained mutation: A weak demonic guardian rushes to your aid. [demonic ancestry]
  2000 | D:3      | Reached XP level 5. HP: 12/41 MP: 5/5
  2202 | D:3      | Gained mutation: You have large cloven feet. [demonic ancestry]
  2202 | D:3      | Reached XP level 6. HP: 22/47 MP: 6/6
  2853 | D:4      | Noticed Grinder
  2889 | D:4      | Killed Grinder
  2889 | D:4      | Reached skill level 5 in Shields
  3102 | D:4      | Reached XP level 7. HP: 52/52 MP: 7/7
  3129 | D:4      | Found Umifamirph's Jewellery Shoppe.
  3140 | D:4      | Found Qebbonor's Gadget Emporium.
  3164 | D:4      | Found Jilang's Assorted Antiques.
  3282 | D:4      | Noticed Eustachio
  3325 | D:4      | Killed Eustachio
  3325 | D:4      | Reached skill level 4 in Fighting
  3715 | D:4      | Found Hoevitam's Assorted Antiques.
  3718 | D:4      | Bought an ancient bronze amulet for 125 gold pieces
  3718 | D:4      | Identified the amulet of Zammuun {Harm *Drain rF+ Str-3 Int+3} (You bought it in a shop on level 4 of the Dungeon)
  4011 | D:4      | Found Emeufoupp's Jewellery Emporium.
  4090 | D:5      | Entered Level 5 of the Dungeon
  4189 | D:5      | Gained mutation: Armour fits poorly on your strangely shaped body. [potion of mutation]
  4189 | D:5      | Gained mutation: You possess an exceptional clarity of mind. [potion of mutation]
  4353 | D:5      | Reached skill level 5 in Fighting
  4556 | D:5      | Noticed Dowan
  4558 | D:5      | Noticed Duvessa
  4571 | D:5      | Killed Dowan
  4919 | D:5      | Found a radiant altar of Vehumet.
  4959 | D:5      | Reached skill level 6 in Fighting
  5098 | D:5      | Noticed Blork the orc
  5133 | D:5      | Killed Blork the orc
  5133 | D:5      | Reached XP level 8. HP: 12/65 MP: 8/8
  6021 | D:6      | Reached skill level 7 in Fighting
  6708 | D:7      | Reached skill level 8 in Fighting
  7010 | D:7      | Found a staircase to the Ecumenical Temple.
  7074 | D:8      | Reached skill level 9 in Fighting
  7329 | D:8      | Reached XP level 9. HP: 31/77 MP: 9/9
  7488 | D:8      | Reached skill level 10 in Fighting
  8310 | Temple   | Entered the Ecumenical Temple
  8368 | Temple   | Became a worshipper of Qazlal Stormbringer
  8368 | Temple   | Reached * piety under Qazlal
  8368 | Temple   | Reached ** piety under Qazlal
  8390 | D:8      | Noticed Joseph
  8416 | D:8      | Killed Joseph
  8416 | D:8      | Reached skill level 11 in Fighting
  9161 | D:9      | Reached skill level 12 in Fighting
  9308 | D:9      | Found Vofrob's Gadget Emporium.
  9348 | D:9      | Found an opulent altar of Gozag.
  9401 | D:9      | Noticed an elephant
  9445 | D:9      | Reached skill level 1 in Invocations
  9462 | D:9      | Found a staircase to the Lair.
  9503 | D:9      | Killed an elephant
  9503 | D:9      | Gained mutation: You have hoof-like feet. [demonic ancestry]
  9503 | D:9      | Reached XP level 10. HP: 8/89 MP: 7/12
  9504 | D:9      | HP: 6/133 [bullfrog skeleton (3)]
  9526 | D:10     | Entered Level 10 of the Dungeon
 10349 | D:10     | Reached skill level 5 in Invocations
 11036 | D:10     | Found a stormy altar of Qazlal.
 11220 | D:11     | Found a staircase to the Orcish Mines.
 11472 | D:11     | HP: 1/89 [yak (12)]
 11595 | D:11     | Reached skill level 5 in Maces & Flails
 11596 | D:11     | HP: 4/89 [poisoned by a killer bee]
 11598 | D:11     | HP: 1/89 [poisoned by a killer bee]
 11600 | D:11     | Succumbed to a killer bee's poison

Skill      XL: |  1  2  3  4  5  6  7  8  9 10 |
---------------+-------------------------------+-----
Armour         | 1 2 3 |  3.8
Shields        | 3 5 |  5.1
Fighting       | 6 9 12 | 12.2
Invocations    | 3 8 |  8.1
Maces & Flails | 5 |  5.0
Dodging        | |  2.6
Stealth        | |  1.7

Action                   |  1- 3 |  4- 6 |  7- 9 | 10-12 || total
-------------------------+-------+-------+-------+-------++-------
Melee: Mace              |   115 |   154 |   729 |    82 ||  1080
       Kick              |       |    12 |   237 |    53 ||   302
       Dire flail        |       |       |       |    91 ||    91
Invok: Upheaval          |       |       |     1 |     3 ||     4
Evoke: Wand              |       |       |     2 |     1 ||     3
  Use: Scroll            |     6 |     3 |     2 |     2 ||    13
       Potion            |     4 |     3 |    13 |     1 ||    21
 Stab: Sleeping          |     5 |     4 |     5 |       ||    14
       Distracted        |     1 |       |     4 |     3 ||     8
  Eat: Chunk             |     1 |     1 |       |     2 ||     4
       Bread ration      |       |     1 |     2 |     2 ||     5
       Meat ration       |       |     1 |     2 |       ||     3
Armor: Robe              |     7 |       |       |       ||     7
       Leather armour    |    37 |    52 |   281 |       ||   370
       Ring mail         |       |       |    93 |    67 ||   160
       Skin              |       |       |    10 |     9 ||    19
Dodge: Dodged            |    95 |   122 |   527 |    86 ||   830
Block: Buckler           |       |    20 |   277 |    39 ||   336
       Other             |       |       |       |    22 ||    22
